 Dungeon Crawl Stone Soup version 0.28.0-45-g0d030f2227 (webtiles) character file.

Game seed: 11256679735504069901

99 Ablot the Cutter (level 4, -8/41 HPs)
             Began as a Gnoll Chaos Knight on Apr 11, 2022.
             Was a Plaything of Xom.
             Mangled by Crazy Yiuf
             ... wielding a +2 quarterstaff of chaos
              (16 damage)
             ... on level 2 of the Dungeon.
             The game lasted 00:02:09 (1845 turns).

Ablot the Cutter (Gnoll Chaos Knight)               Turns: 1845, Time: 00:02:12

Health: -8/41      AC:  6    Str: 13    XL:     4   Next: 72%
Magic:  5/5        EV: 12    Int: 12    God:    Xom [...*..]
Gold:   75         SH:  0    Dex: 11    Spells: 5/5 levels left

rFire   + . .      SeeInvis .   a - +0 short sword (chaos)
rCold   . . .      Faith    .   (no shield)
rNeg    . . .      Spirit   .   b - +2 leather armour
rPois   .          Reflect  .   (no helmet)
rElec   .          Harm     .   (no cloak)
rCorr   .          Rampage  .   h - +0 pair of gloves
Will    .....                   (no boots)
Stlth   +.........              (no amulet)
HPRegen 0.13/turn               i - ring of protection from fire
MPRegen 0.09/turn               (no ring)

@: lethally poisoned (-8 -> -21)
A: fangs 1, strong nose, distributed training
a: Renounce Religion


You were on level 2 of the Dungeon.
You worshipped Xom.
You were a favourite toy of Xom.
You visited 1 branch of the dungeon, and saw 2 of its levels.

You collected 75 gold pieces.

Inventory:

Hand Weapons
 a - a +0 short sword of chaos (weapon)
Missiles
 e - 67 stones (quivered)
Armour
 b - a +2 leather armour (worn)
 h - a +0 pair of gloves (worn)
Jewellery
 i - a ring of protection from fire (left hand)
Wands
 j - a wand of charming (5)
Scrolls
 d - a scroll of amnesia {unknown}
 f - a scroll of enchant weapon {unknown}
 l - a scroll of identify {unknown}
 m - a scroll of immolation {unknown}
Potions
 c - a potion of degeneration {unknown}
 g - a potion of experience {unknown}
 k - a potion of cancellation


   Skills:
 + Level 6.6 Fighting
 + Level 6.6 Short Blades
 + Level 1.2 Long Blades
 + Level 1.2 Axes
 + Level 1.2 Maces & Flails
 + Level 1.2 Polearms
 + Level 1.2 Staves
 + Level 1.2 Slings
 + Level 1.2 Bows
 + Level 1.2 Crossbows
 + Level 1.2 Throwing
 + Level 4.7 Armour
 + Level 2.8 Dodging
 + Level 1.2 Stealth
 + Level 1.2 Shields
 + Level 1.2 Unarmed Combat
 + Level 1.2 Spellcasting
 + Level 1.0 Conjurations
 + Level 1.0 Hexes
 + Level 1.0 Summonings
 + Level 1.0 Necromancy
 + Level 1.0 Translocations
 + Level 1.0 Transmutations
 + Level 1.0 Fire Magic
 + Level 1.0 Ice Magic
 + Level 1.0 Air Magic
 + Level 1.0 Earth Magic
 + Level 1.0 Poison Magic
 + Level 1.3 Invocations
 + Level 1.2 Evocations


You had 5 spell levels left.
You didn't know any spells.
Your spell library was empty.

Dungeon Overview and Level Annotations

Branches:
Dungeon (2/15)

Altars:

Annotations:
D:2 Crazy Yiuf


Innate Abilities, Weirdness & Mutations

You have very sharp teeth.
Your uncanny sense of smell can sniff out nearby items.
Your experience applies equally to all skills.


Message History

Your Fire Magic skill increases to level 1!
Your Ice Magic skill increases to level 1!
Your Air Magic skill increases to level 1!
Your Earth Magic skill increases to level 1!
Your Poison Magic skill increases to level 1!
Unknown command.
Things that are here:
a +0 flail; a +0 chain mail You now have 75 gold pieces (gained 10).
m - a scroll labelled MIMPIO UREMO A goblin comes into view.
It is wielding a +0 dagger.
The goblin shouts!
You closely miss the goblin. The goblin closely misses you.
You hit the goblin. You burn the goblin.
You kill the goblin!
No target in view!
You see here a +0 dagger.
Found a mace.
Found a runed translucent door.
Crazy Yiuf shouts!
You open the door. You completely miss Crazy Yiuf.
You hit Crazy Yiuf but do no damage. You punch Crazy Yiuf.
Crazy Yiuf is lightly wounded.
Crazy Yiuf hits you with a +2 quarterstaff of chaos!
You are poisoned.
You hit Crazy Yiuf.
Crazy Yiuf goes berserk!
Xom is amused.
Your bite misses Crazy Yiuf.
Crazy Yiuf is moderately wounded.
You feel very sick.
Crazy Yiuf hits you with a +2 quarterstaff of chaos!
Crazy Yiuf freezes you.
* * * LOW HITPOINT WARNING * * *
It was a potion of cancellation.
You feel magically purged.
Xom thinks this is hilarious!
* * * LOW HITPOINT WARNING * * *
You feel very sick.
Crazy Yiuf hits you with a +2 quarterstaff of chaos!
You die...
Xom bursts into laughter!

###.#.#.###.#
#..###...# .......##
#####..###...##
#####.##
#.............. #
##.##
######.>....... #
##...## ##........ #
#<....# ####...##
#....###♣♣ ### #...#
#.#......♣♣ ♣♣#..)#
#...##
#.##......♣♣♣♣@g...#
######....
#.#........♣..♣#...#
#.......†.
###.#.##....♣.♣♣♣
### #.########
........##♣♣♣♣♣ #.#
###.#.### #.##
#.#.#####
#########..######
#.......#
#...............##
###.##..#
#########..####...
#......# #..# ####


You could see Crazy Yiuf (berserk).

Vanquished Creatures
  Jessica (D:2)
  Terence (D:2)
  An adder (D:2)
  A worm (D:2)
  A dart slug (D:1)
  5 endoplasms
  A giant cockroach (D:2)
  6 goblins
  3 hobgoblins
  2 jackals (D:2)
  2 quokkas (D:1)
  4 ball pythons
  3 bats (D:1)
  3 rats (D:1)
34 creatures vanquished.

Notes
Turn   | Place    | Note
-------+----------+-------------------------------------------
     0 | D:1      | Ablot the Gnoll Chaos Knight began the quest for the Orb.
     0 | D:1      | Reached XP level 1. HP: 23/23 MP: 1/1
   293 | D:1      | Reached XP level 2. HP: 24/29 MP: 2/2
   849 | D:1      | XOM: confuse monster(s)
   946 | D:2      | Noticed Jessica
   952 | D:2      | Killed Jessica
   952 | D:2      | XOM: god gift: marble ring {god gift}
   953 | D:2      | Reached skill level 1 in Invocations
   953 | D:2      | Reached XP level 3. HP: 26/35 MP: 2/4
   970 | D:2      | Reached skill level 1 in Long Blades
   970 | D:2      | Reached skill level 1 in Axes
   970 | D:2      | Reached skill level 1 in Maces & Flails
   970 | D:2      | Reached skill level 1 in Polearms
   970 | D:2      | Reached skill level 1 in Staves
   970 | D:2      | Reached skill level 1 in Slings
   970 | D:2      | Reached skill level 1 in Bows
   970 | D:2      | Reached skill level 1 in Crossbows
   970 | D:2      | Reached skill level 1 in Throwing
   970 | D:2      | Reached skill level 1 in Stealth
   970 | D:2      | Reached skill level 1 in Shields
   970 | D:2      | Reached skill level 1 in Unarmed Combat
   970 | D:2      | Reached skill level 1 in Spellcasting
   970 | D:2      | Reached skill level 1 in Evocations
   970 | D:2      | Reached XP level 4. HP: 16/41 MP: 3/5
  1326 | D:2      | XOM: 11-stop teleportation journey
  1593 | D:2      | Found a faded altar of an unknown god.
  1597 | D:2      | XOM: silly message
  1668 | D:2      | Noticed Terence
  1678 | D:2      | XOM: noise
  1685 | D:2      | Killed Terence
  1686 | D:2      | Reached skill level 1 in Conjurations
  1686 | D:2      | Reached skill level 1 in Hexes
  1686 | D:2      | Reached skill level 1 in Summonings
  1686 | D:2      | Reached skill level 1 in Necromancy
  1686 | D:2      | Reached skill level 1 in Translocations
  1686 | D:2      | Reached skill level 1 in Transmutations
  1686 | D:2      | Reached skill level 1 in Fire Magic
  1686 | D:2      | Reached skill level 1 in Ice Magic
  1686 | D:2      | Reached skill level 1 in Air Magic
  1686 | D:2      | Reached skill level 1 in Earth Magic
  1686 | D:2      | Reached skill level 1 in Poison Magic
  1837 | D:2      | Found a runed translucent door.
  1838 | D:2      | Noticed Crazy Yiuf
  1845 | D:2      | Mangled by Crazy Yiuf

Illustrated notes

Levels and vault maps discovered:
D:1:      heliophobic_arrival_dark_side_of_the_moon, layout_basic
D:2:      layout_loops_ring, dreamdust_ecumenical_altar_hidden_monk_grotto,
          uniq_crazy_yiuf_cottage, uniq_terence, uniq_jessica

Skill      XL: |  1  2  3  4 |
---------------+-------------+-----
Invocations    | 1 |  1.3
Long Blades    | 1 |  1.2
Axes           | 1 |  1.2
Maces & Flails | 1 |  1.2
Polearms       | 1 |  1.2
Staves         | 1 |  1.2
Slings         | 1 |  1.2
Bows           | 1 |  1.2
Crossbows      | 1 |  1.2
Throwing       | 1 |  1.2
Stealth        | 1 |  1.2
Shields        | 1 |  1.2
Unarmed Combat | 1 |  1.2
Spellcasting   | 1 |  1.2
Evocations     | 1 |  1.2
Conjurations   | 1 |  1.0
Hexes          | 1 |  1.0
Summonings     | 1 |  1.0
Necromancy     | 1 |  1.0
Translocations | 1 |  1.0
Transmutations | 1 |  1.0
Fire Magic     | 1 |  1.0
Ice Magic      | 1 |  1.0
Air Magic      | 1 |  1.0
Earth Magic    | 1 |  1.0
Poison Magic   | 1 |  1.0
Fighting       | |  6.6
Short Blades   | |  6.6
Armour         | |  4.7
Dodging        | |  2.8

Action                   |  1- 3 |  4- 6 || total
-------------------------+-------+-------++-------
Melee: Short sword       |    67 |    44 ||   111
       Bite              |     3 |     4 ||     7
       Punch             |       |     1 ||     1
  Use: Potion            |       |     1 ||     1
 Stab: Sleeping          |       |     2 ||     2
Armor: Leather armour    |    19 |    15 ||    34
Dodge: Dodged            |    26 |    19 ||    45
